[Event "Titled Tuesday Blitz August 22 Early 2023"]
[White "Dwilewicz, Katarzyna"]
[Black "Sreyas Payyappat"]
[WhiteFideId "1148486"]
[BlackFideId "46674969"]
[WhiteElo "2423"]
[BlackElo "2529"]
[Result "1/2-1/2"]
[Round "7"]
[TimeControl "180+1"]
[Date "2023.08.22"]
[WhiteClock "0:00:06"]
[BlackClock "0:00:03"]
[Board "115"]

1. e4 c6 2. d4 d5 3. Nc3 dxe4 4. Nxe4 Nf6 5. Nxf6+ exf6 6. c3 Bd6 7. Bd3 O-O 8. Qc2 Re8+ 9. Ne2 h5 10. Be3 Nd7 11. O-O-O Nf8 12. c4 Be6 13. Kb1 b5 14. d5 cxd5 15. c5 Be5 16. Bxb5 Re7 17. Nd4 Qc7 18. h3 Rb8 19. Bd3 Nd7 20. Nb5 Qc6 21. Nxa7 Qa8 22. Nb5 Qa5 23. Bd2 Qa6 24. a4 Nxc5 25. Qxc5 Reb7 26. b3 Bd7 27. Rc1 Bxb5 28. Bxb5 Rxb5 29. axb5 Qa1+ 30. Kc2 Qa2+ 31. Kd1 Qxb3+ 32. Qc2 Qa3 33. Re1 Rxb5 34. Qc8+ Kh7 35. Qf5+ g6 36. Qc2 Rb2 37. Qc6 Qd3 38. Re2 Bf4 39. Qc3 Qb5 40. Ke1 Be5 41. Qc6 Qd3 42. Qd7 Kg7 43. Qc6 Kh7 44. Qd7 Kg7 45. Qc6 Kh7 1/2-1/2


[Site "https://www.chess.com"]

[Event "Titled Tuesday Blitz August 22 Early 2023"]
[White "Nazaretyan, Tigran"]
[Black "Romero Ruscalleda, Josep"]
[WhiteFideId "24162345"]
[BlackFideId "2231859"]
[WhiteElo "2528"]
[BlackElo "2426"]
[Result "1-0"]
[Round "7"]
[TimeControl "180+1"]
[Date "2023.08.22"]
[WhiteClock "0:00:08"]
[BlackClock "0:00:01"]
[Board "116"]

1. d4 g6 2. c4 Bg7 3. Nf3 d6 4. Nc3 Nc6 5. e3 e5 6. Be2 f5 7. b4 exd4 8. exd4 Nf6 9. O-O O-O 10. b5 Ne7 11. a4 a6 12. Ba3 axb5 13. axb5 Bd7 14. Qb3 Kh8 15. b6 c5 16. dxc5 dxc5 17. Bxc5 Rxa1 18. Rxa1 Ne4 19. Bd4 Nc6 20. Bxg7+ Kxg7 21. Nd5 Be6 22. Qb2+ Kg8 23. Rd1 Bf7 24. Ne5 Bxd5 25. Rxd5 Qe8 26. f3 Nf6 27. Rb5 Nxe5 28. Qxe5 Qc6 29. c5 Re8 30. Bc4+ Kg7 31. Qc3 Qd7 32. Rb1 Qe7 33. Bb5 Rd8 34. c6 bxc6 35. Bxc6 Rb8 36. b7 Qd6 37. h3 h5 38. Kh1 h4 39. Qc4 Nh5 40. Qc3+ Kh6 41. Qc1+ Kh7 42. Qc4 Ng3+ 43. Kg1 Rf8 44. Bd5 Qe5 45. Bg8+ Kh6 46. Qc1+ g5 47. Bc4 Qd4+ 48. Kh2 Rb8 49. Bf7 Qe5 50. Qc6+ Kg7 51. Qg6+ Kf8 52. Kg1 Ne2+ 53. Kf2 Nf4 54. Qg8+ Ke7 55. Qxb8 Nd3+ 56. Kf1 Qxb8 57. Bc4 Qd6 58. b8=Q Qxb8 59. Rxb8 Ne5 60. Rb7+ Kd6 61. Ba6 Kc5 62. Rg7 Kd5 63. Rxg5 Kd4 64. Rxf5 Nc6 65. Rh5 Nb4 66. Bb5 Ke3 67. Rxh4 Nc2 68. Re4+ Kd2 69. h4 Nd4 70. Rxd4+ Ke3 71. Re4+ 1-0


[Site "https://www.chess.com"]

[Event "Titled Tuesday Blitz August 22 Early 2023"]
[White "Martin Carmona, Gaston Manuel"]
[Black "Khromkin, Andrey"]
[WhiteFideId "22284567"]
[BlackFideId "4154126"]
[WhiteElo "2522"]
[BlackElo "2420"]
[Result "1-0"]
[Round "7"]
[TimeControl "180+1"]
[Date "2023.08.22"]
[WhiteClock "0:00:08"]
[BlackClock "0:00:00"]
[Board "117"]

1. Nf3 c5 2. c4 Nc6 3. Nc3 g6 4. g3 Bg7 5. Bg2 a6 6. O-O Rb8 7. e3 d6 8. d4 cxd4 9. exd4 Bg4 10. Be3 Nh6 11. Bxh6 Bxh6 12. h3 Bxf3 13. Bxf3 Bg7 14. d5 Ne5 15. Be2 Rc8 16. Qb3 Qd7 17. Kg2 g5 18. Ne4 h6 19. Rae1 f5 20. Nc3 f4 21. Bh5+ Kf8 22. Re4 Qf5 23. Qxb7 Bf6 24. Rxe5 Bxe5 25. Bg4 f3+ 26. Kh1 Qd3 27. Kg1 Kf7 28. Bxc8 Qd4 29. Be6+ Kf6 30. Re1 Bxg3 31. Ne4+ Kg6 32. Bf5+ 1-0


[Site "https://www.chess.com"]

[Event "Titled Tuesday Blitz August 22 Early 2023"]
[White "Boraso, Alessio"]
[Black "Biregina"]
[WhiteFideId "848077"]
[WhiteElo "2521"]
[BlackElo "2409"]
[Result "0-1"]
[Round "7"]
[TimeControl "180+1"]
[Date "2023.08.22"]
[WhiteClock "0:00:00"]
[BlackClock "0:00:10"]
[Board "118"]

1. g3 Nc6 2. Bg2 Nf6 3. c4 e5 4. Nc3 b6 5. e3 Bb7 6. Nge2 Bb4 7. O-O Bxc3 8. Nxc3 O-O 9. Nd5 Nxd5 10. cxd5 Nb4 11. Qb3 Na6 12. Qc3 Re8 13. b4 Rc8 14. Bb2 c5 15. b5 Nc7 16. Qc4 d6 17. a4 a6 18. f4 f6 19. fxe5 fxe5 20. Rf2 axb5 21. axb5 Ra8 22. Raf1 Qd7 23. Rf7 Re7 24. Bh3 Qe8 25. Be6 Nxe6 26. dxe6 Bc8 27. Qh4 Rxe6 28. Rc7 Bd7 29. Qg5 Rc8 30. Ra7 Rd8 31. d4 Qe7 32. Qg4 Rf6 33. Qe2 Rxf1+ 34. Qxf1 exd4 35. Qc4+ d5 36. Qxd5+ Qe6 37. Qxe6+ Bxe6 38. exd4 cxd4 39. Ra1 d3 40. Kf2 Bb3 41. Bc3 d2 42. Bxd2 Rxd2+ 43. Ke3 Rd5 44. Ke4 Rxb5 45. Rb1 Bc2+ 46. Kd4 Rxb1 0-1


[Site "https://www.chess.com"]

[Event "Titled Tuesday Blitz August 22 Early 2023"]
[White "Bilan, Danila"]
[Black "Avazkhonov, Alikhon"]
[WhiteFideId "24161918"]
[BlackFideId "14208504"]
[WhiteElo "2519"]
[BlackElo "2414"]
[Result "0-1"]
[Round "7"]
[TimeControl "180+1"]
[Date "2023.08.22"]
[WhiteClock "0:00:06"]
[BlackClock "0:00:03"]
[Board "119"]

1. d4 Nf6 2. Nf3 g6 3. Bg5 Bg7 4. c3 O-O 5. Nbd2 d5 6. e3 c6 7. Bd3 h6 8. Bh4 Re8 9. Ne5 Qb6 10. Rb1 Nbd7 11. f4 Nxe5 12. fxe5 Bg4 13. Qc2 Nd7 14. O-O c5 15. h3 cxd4 16. hxg4 dxe3 17. Nf3 Nxe5 18. Nxe5 Bxe5 19. Rf3 Rac8 20. Re1 d4 21. c4 Bg7 22. Ref1 e5 23. Kh1 Qe6 24. Rxf7 e4 25. Be2 d3 26. Qd1 dxe2 27. Qxe2 Qxc4 28. Qxc4 Rxc4 29. Rxb7 e2 30. Re1 Rc2 31. b3 Bc3 32. Kg1 Bxe1 33. Bxe1 Rf8 34. Kh2 Rc1 35. Ba5 e1=Q 36. Bxe1 Rxe1 37. Rxa7 Re2 38. Ra6 Rff2 39. Rxg6+ Kh7 40. Rb6 Rxg2+ 41. Kh3 Rg1 42. Rf6 e3 43. Rf7+ Kg6 44. Re7 Rf1 45. Re6+ Kf7 46. Re4 Rf3+ 47. Kh4 Rh2# 0-1


[Site "https://www.chess.com"]

[Event "Titled Tuesday Blitz August 22 Early 2023"]
[White "Smiechu"]
[Black "Lehtosaari, Mauri"]
[BlackFideId "501999"]
[WhiteElo "2409"]
[BlackElo "2519"]
[Result "0-1"]
[Round "7"]
[TimeControl "180+1"]
[Date "2023.08.22"]
[WhiteClock "0:00:04"]
[BlackClock "0:00:07"]
[Board "120"]

1. e4 d5 2. exd5 Qxd5 3. Nf3 Bg4 4. Be2 Bxf3 5. Bxf3 Qe5+ 6. Be2 c5 7. O-O Nc6 8. Re1 e6 9. Bf3 Qc7 10. Nc3 Nf6 11. d3 Be7 12. g3 O-O 13. Bf4 Qc8 14. Ne4 Nxe4 15. Bxe4 Rd8 16. c3 Bd6 17. Bxd6 Rxd6 18. Qf3 Qd7 19. Rad1 Rd8 20. h4 h6 21. Qe3 b6 22. Qf3 Ne5 23. Bh7+ Kxh7 24. Rxe5 Kg8 25. Re3 b5 26. Qe2 a5 27. b3 b4 28. Qc2 f6 29. cxb4 cxb4 30. d4 Rxd4 31. Rxd4 Qxd4 32. Re1 e5 33. Rc1 Qd2 34. Qc4+ Kh8 35. Rc2 Qd1+ 36. Kh2 Qd5 37. Qc7 Qd4 38. Kg2 Qd5+ 39. Kh2 e4 40. Qe7 Rg8 41. Re2 f5 42. Rc2 Qd3 43. Rc5 Qf3 44. Kg1 f4 45. gxf4 Qxf4 46. Re5 Qg4+ 47. Kf1 Qd1+ 48. Kg2 Qf3+ 49. Kf1 Rf8 50. Qc5 Qh1+ 51. Ke2 Qf3+ 52. Kf1 Qh3+ 53. Ke2 Rg8 54. Qe3 Qg4+ 55. Ke1 Rd8 56. Qe2 Qg1+ 57. Qf1 Rd1+ 58. Kxd1 Qxf1+ 0-1


[Site "https://www.chess.com"]

[Event "Titled Tuesday Blitz August 22 Early 2023"]
[White "Estrada Nieto, Julian"]
[Black "pasteta13"]
[WhiteFideId "5101018"]
[WhiteElo "2517"]
[BlackElo "2408"]
[Result "1-0"]
[Round "7"]
[TimeControl "180+1"]
[Date "2023.08.22"]
[WhiteClock "0:00:36"]
[BlackClock "0:00:14"]
[Board "121"]

1. e4 c5 2. Nf3 g6 3. c3 Bg7 4. d4 cxd4 5. cxd4 d5 6. e5 Bg4 7. Bb5+ Nc6 8. Bxc6+ bxc6 9. O-O Nh6 10. Nbd2 O-O 11. h3 Bxf3 12. Nxf3 Qb6 13. b3 c5 14. dxc5 Qxc5 15. Be3 Qa5 16. Nd4 Rfc8 17. Rc1 Qxa2 18. Nc6 Nf5 19. g4 Nxe3 20. fxe3 Bf8 21. Qxd5 e6 22. Qf3 Rc7 23. Ne7+ Rxe7 24. Qxa8 Qxb3 25. Rc8 Qxe3+ 26. Kg2 Qd2+ 27. Rf2 Qd5+ 28. Qxd5 exd5 29. Rb2 f5 30. Rbb8 1-0


[Site "https://www.chess.com"]

[Event "Titled Tuesday Blitz August 22 Early 2023"]
[White "Rego, Pedro Filipe"]
[Black "NovozhilovSemen"]
[WhiteFideId "1904310"]
[WhiteElo "2389"]
[BlackElo "2516"]
[Result "0-1"]
[Round "7"]
[TimeControl "180+1"]
[Date "2023.08.22"]
[WhiteClock "0:00:43"]
[BlackClock "0:02:12"]
[Board "122"]

1. c4 e5 2. Nc3 Bb4 3. Nd5 Be7 4. Nf3 d6 5. g3 c6 6. Nc3 f5 7. Bg2 Nf6 8. O-O O-O 9. d3 Be6 10. Ng5 Bc8 11. b4 h6 12. Nf3 Be6 13. b5 Nbd7 14. bxc6 bxc6 15. Qa4 Qc7 16. Ba3 Rfc8 17. Rab1 Bd8 18. Qa6 Bf7 19. Na4 Rab8 20. Nh4 Rxb1 21. Rxb1 Nb8 22. Rxb8 Rxb8 23. Nxf5 Rb1+ 24. Bf1 Be6 25. e4 Bc8 26. Bxd6 Bxa6 27. Bxc7 Bxc7 28. Nc5 Bb7 29. Kg2 Kf7 30. h4 Bc8 31. Ne3 Rb2 32. a4 Bb6 0-1


[Site "https://www.chess.com"]

[Event "Titled Tuesday Blitz August 22 Early 2023"]
[White "Balabayeva, Xeniya"]
[Black "Slovineanu, Viacheslav"]
[WhiteFideId "13719688"]
[BlackFideId "13900510"]
[WhiteElo "2513"]
[BlackElo "2386"]
[Result "1-0"]
[Round "7"]
[TimeControl "180+1"]
[Date "2023.08.22"]
[WhiteClock "0:00:20"]
[BlackClock "0:00:32"]
[Board "123"]

1. e4 c6 2. d4 d5 3. Nd2 dxe4 4. Nxe4 Nf6 5. Nxf6+ exf6 6. c3 Bd6 7. Bd3 Na6 8. Nf3 Nc7 9. Qc2 h5 10. O-O Kf8 11. h3 Be6 12. Nh4 Nd5 13. a3 b5 14. b3 Bc7 15. Bd2 g5 16. Nf5 Bxf5 17. Bxf5 Qd6 18. g3 h4 19. c4 hxg3 20. cxd5 g2 21. Bb4 gxf1=Q+ 22. Kxf1 Kg7 23. Bxd6 Bxd6 24. dxc6 Bc7 25. d5 Rad8 26. Bd7 Rh4 27. Rd1 Rf4 28. d6 Bb6 29. c7 1-0


[Site "https://www.chess.com"]

[Event "Titled Tuesday Blitz August 22 Early 2023"]
[White "ATM622"]
[Black "Wang2007"]
[WhiteElo "2511"]
[BlackElo "2383"]
[Result "1-0"]
[Round "7"]
[TimeControl "180+1"]
[Date "2023.08.22"]
[WhiteClock "0:01:51"]
[BlackClock "0:01:15"]
[Board "124"]

1. d4 Nf6 2. c4 g6 3. g3 d5 4. Bg2 Bg7 5. Nf3 O-O 6. O-O dxc4 7. Ne5 Ne8 8. Na3 Nd6 9. e3 c5 10. dxc5 Bxe5 11. cxd6 c3 12. bxc3 Qxd6 13. Qxd6 Bxd6 14. Nb5 Nc6 15. Nxd6 exd6 16. Rd1 Rd8 17. Ba3 Be6 18. Bxd6 Rac8 19. a4 Na5 20. Be5 Bb3 21. Rxd8+ Rxd8 22. Bc7 1-0


[Site "https://www.chess.com"]

[Event "Titled Tuesday Blitz August 22 Early 2023"]
[White "Okike, David"]
[Black "Glavina, Pablo"]
[WhiteFideId "8500134"]
[BlackFideId "100234"]
[WhiteElo "2372"]
[BlackElo "2510"]
[Result "0-1"]
[Round "7"]
[TimeControl "180+1"]
[Date "2023.08.22"]
[WhiteClock "0:01:52"]
[BlackClock "0:01:53"]
[Board "125"]

1. e4 c6 2. d4 d5 3. e5 Bf5 4. Nf3 e6 5. Be2 c5 6. Be3 Qb6 7. b3 Nc6 8. O-O cxd4 9. Nxd4 Nxd4 10. Bxd4 Bc5 11. c3 Ne7 12. b4 Bxd4 13. Qxd4 Qxd4 14. cxd4 Bxb1 15. Raxb1 O-O 16. Rfc1 Rfc8 17. g4 Rxc1+ 18. Rxc1 Nc6 19. Rd1 Nxb4 20. Rb1 Nc6 21. Rxb7 Nxd4 22. Bd3 Nf3+ 23. Kg2 Nxe5 24. a4 Nxd3 0-1


[Site "https://www.chess.com"]

[Event "Titled Tuesday Blitz August 22 Early 2023"]
[White "Perez, Maximiliano"]
[Black "Bashirli, Saadat"]
[WhiteFideId "117234"]
[BlackFideId "13429990"]
[WhiteElo "2510"]
[BlackElo "2357"]
[Result "0-1"]
[Round "7"]
[TimeControl "180+1"]
[Date "2023.08.22"]
[WhiteClock "0:00:02"]
[BlackClock "0:00:07"]
[Board "126"]

1. d4 Nf6 2. Bf4 g6 3. Nc3 Bg7 4. e4 d6 5. Qd2 Nbd7 6. e5 Nh5 7. Bh6 O-O 8. Bxg7 Nxg7 9. O-O-O e6 10. h4 h5 11. Nf3 dxe5 12. dxe5 Qe7 13. Ne4 b6 14. Bb5 Nf5 15. Bxd7 Rd8 16. Nf6+ Kg7 17. Nd4 Bxd7 18. Nxd7 Nxd4 19. Qxd4 Rac8 20. g3 c5 21. Qd6 Qe8 22. Nf6 Qa4 23. Qxd8 Rxd8 24. Rxd8 Qxa2 25. g4 hxg4 26. Rg8+ Kh6 27. Nxg4+ Kh7 28. Nf6+ Kh6 29. Ng4+ Kh7 30. Nf6+ Kh6 31. Rd1 Qa1+ 32. Kd2 Qxb2 33. f3 Qd4+ 34. Kc1 Qa1+ 35. Kd2 Qd4+ 36. Ke2 Qxe5+ 37. Ne4 f5 38. Rdd8 fxe4 39. f4 Qc3 40. Rh8+ Kg7 41. Rdg8+ Kf7 42. Rf8+ Ke7 43. Re8+ Kf7 44. Rhf8+ Kg7 45. Rg8+ Kf7 46. Ref8+ Ke7 47. Re8+ Kd7 48. Rd8+ Kc6 49. Rc8+ Kb5 50. Rxg6 Qxc2+ 51. Ke3 Qd3+ 52. Kf2 e3+ 53. Kg2 Qxg6+ 54. Kf3 Qd3 55. Re8 e2+ 56. Kf2 Qd1 57. Rxe6 Qd4+ 58. Kg3 Qg1+ 59. Kf3 e1=Q 0-1


[Site "https://www.chess.com"]

[Event "Titled Tuesday Blitz August 22 Early 2023"]
[White "kaanadayhamle"]
[Black "Kovalevsky, Stanislav"]
[BlackFideId "13508598"]
[WhiteElo "2345"]
[BlackElo "2508"]
[Result "1-0"]
[Round "7"]
[TimeControl "180+1"]
[Date "2023.08.22"]
[WhiteClock "0:01:25"]
[BlackClock "0:00:08"]
[Board "127"]

1. Nf3 d6 2. d4 g6 3. Nc3 Bg7 4. e4 c5 5. Be3 cxd4 6. Nxd4 Nf6 7. f3 Nc6 8. Qd2 O-O 9. Be2 a6 10. a4 Nd7 11. O-O Rb8 12. a5 Nxa5 13. Nd5 Nc6 14. c3 Nxd4 15. Bxd4 Bxd4+ 16. Qxd4 e6 17. Nb4 Qb6 18. Rfd1 Rd8 19. Rd2 Kf8 20. Rad1 Ke7 21. Kf1 Qxd4 22. Rxd4 Ne5 23. f4 Nc6 24. Nxc6+ bxc6 25. b4 Rb6 26. Kf2 d5 27. Ke3 Bd7 28. Ra1 Ra8 29. Ra5 Bc8 30. Rd2 Kd6 31. e5+ Kc7 32. Kd4 Kb7 33. Rda2 Kc7 34. Kc5 Ra7 35. Bd3 Ra8 36. g4 Bb7 37. h4 Ra7 38. h5 Ra8 39. hxg6 hxg6 40. Rh2 Rf8 41. Rh7 Bc8 42. Bxg6 Kd8 43. Rxf7 Rxf7 44. Bxf7 Rb5+ 45. Rxb5 cxb5 46. Kd6 d4 47. cxd4 a5 48. bxa5 b4 49. Bg6 b3 50. Bb1 b2 51. f5 exf5 52. gxf5 Ke8 53. f6 Kf8 54. e6 Ba6 55. e7+ Kf7 56. Ba2+ Bc4 57. Bxc4+ Kxf6 58. Bd3 Kg5 59. e8=Q 1-0


[Site "https://www.chess.com"]

[Event "Titled Tuesday Blitz August 22 Early 2023"]
[White "Gogolev, Artem"]
[Black "Skaric, Djuro"]
[WhiteFideId "4116615"]
[BlackFideId "934569"]
[WhiteElo "2504"]
[BlackElo "2337"]
[Result "0-1"]
[Round "7"]
[TimeControl "180+1"]
[Date "2023.08.22"]
[WhiteClock "0:00:11"]
[BlackClock "0:01:34"]
[Board "128"]

1. d4 d6 2. Nf3 g6 3. c4 Bg7 4. Nc3 Nf6 5. Bg5 O-O 6. e3 h6 7. Bh4 Nc6 8. Be2 e5 9. O-O g5 10. Bg3 Nd7 11. dxe5 dxe5 12. Nd2 f5 13. f3 Nc5 14. Qc2 Nb4 15. Qc1 f4 16. exf4 exf4 17. Bf2 Nbd3 18. Qc2 Nxf2 19. Kxf2 Bd4+ 20. Ke1 Bxc3 21. Qxc3 Re8 22. Ne4 Nxe4 23. fxe4 Qe7 24. Rd1 Qxe4 25. Rf2 Bg4 26. Rd2 Rad8 27. Rxd8 Rxd8 28. Kf1 Bxe2+ 29. Rxe2 Qd4 30. Qc2 Qd1+ 31. Qxd1 Rxd1+ 32. Kf2 Kf7 33. h4 Rd4 34. hxg5 hxg5 35. b3 Kf6 36. g3 Kf5 37. gxf4 gxf4 38. Re7 Rd2+ 39. Kf3 Rxa2 40. Rf7+ Ke5 41. Rxc7 b6 42. Re7+ Kd4 43. Kxf4 Kc3 44. Re3+ Kb4 45. Rh3 Ra3 46. Rh7 Kxb3 47. c5 bxc5 48. Ke4 Kb4 49. Rb7+ Kc4 50. Rc7 Ra1 51. Ke3 Ra2 52. Rc8 a5 53. Rh8 a4 54. Rh1 Rc2 55. Rh4+ Kb3 56. Kd3 Rc3+ 57. Kd2 c4 58. Rh8 Rc2+ 59. Kd1 Rg2 60. Rb8+ Kc3 61. Ra8 Rg1+ 62. Ke2 Ra1 63. Ra7 a3 64. Kf2 a2 65. Kg2 Kc2 66. Ra8 c3 67. Ra7 Rb1 68. Rxa2+ Rb2 69. Ra7 Kd1+ 70. Kf3 c2 71. Rd7+ Kc1 72. Ke3 Kb1 73. Rc7 c1=Q+ 74. Rxc1+ Kxc1 0-1


[Site "https://www.chess.com"]

[Event "Titled Tuesday Blitz August 22 Early 2023"]
[White "Pavlidis, Anastasios"]
[Black "Warchol, Kamil"]
[WhiteFideId "4208404"]
[BlackFideId "21858241"]
[WhiteElo "2333"]
[BlackElo "2504"]
[Result "1/2-1/2"]
[Round "7"]
[TimeControl "180+1"]
[Date "2023.08.22"]
[WhiteClock "0:00:07"]
[BlackClock "0:00:14"]
[Board "129"]

1. e4 c5 2. Nf3 d6 3. Bb5+ Nd7 4. d4 cxd4 5. Qxd4 a6 6. Be2 Ngf6 7. O-O b5 8. a4 bxa4 9. Rxa4 Bb7 10. Nc3 g6 11. Nd5 Bg7 12. Bg5 O-O 13. Qd2 Bxd5 14. exd5 Nc5 15. Rh4 Nfe4 16. Qc1 Nxg5 17. Nxg5 h6 18. Nf3 Qb6 19. c3 Rab8 20. b4 Na4 21. Nd4 Rbc8 22. Nc6 Rc7 23. Rh3 e6 24. c4 Re8 25. Bf3 exd5 26. cxd5 Nc3 27. Re1 Rxe1+ 28. Qxe1 Qb5 29. Qd2 Qc4 30. g3 Ne4 31. Bxe4 Qxe4 32. Rh4 Qb1+ 33. Kg2 g5 34. Rc4 Qf5 35. h3 Kh8 36. Rc1 Qe4+ 37. Kh2 Rc8 38. Re1 Qf3 39. Re3 Qf5 40. Ne7 Qc2 41. Re2 Qxd2 42. Rxd2 Rc4 43. Ra2 Rxb4 44. Rxa6 Rb2 45. Kg2 Bd4 46. Ra8+ Kh7 47. g4 Rxf2+ 48. Kg3 Re2 49. Nf5 Be5+ 50. Kf3 Rd2 51. Ra7 Rxd5 52. Rxf7+ Kg6 53. Rd7 Rd1 54. Ne7+ Kf7 55. Nc6+ Ke6 56. Re7+ Kd5 57. Nxe5 Rf1+ 58. Ke2 Rh1 59. Nf3 Rxh3 60. Re3 Rg3 61. Rd3+ Kc5 62. Rd4 Rxf3 63. Rxd6 Kxd6 64. Kxf3 Ke5 65. Ke3 Kd5 66. Kd3 Ke5 67. Ke3 Kf6 68. Kd4 Ke6 69. Ke4 Kf6 70. Kf3 Ke6 71. Ke4 Kf6 72. Kf3 Kg6 73. Kg3 h5 74. gxh5+ Kxh5 75. Kh3 Kh6 76. Kg4 Kg6 77. Kg3 Kf6 78. Kf3 Kg6 79. Kg3 Kh5 80. Kh3 g4+ 81. Kg3 Kg5 82. Kg2 Kf5 83. Kg3 Kg5 84. Kg2 Kh4 85. Kh2 Kh5 86. Kg3 Kg5 1/2-1/2


[Site "https://www.chess.com"]

[Event "Titled Tuesday Blitz August 22 Early 2023"]
[White "Dinosaurio_1975"]
[Black "Juicy_Fork"]
[WhiteElo "2503"]
[BlackElo "2326"]
[Result "0-1"]
[Round "7"]
[TimeControl "180+1"]
[Date "2023.08.22"]
[WhiteClock "0:00:01"]
[BlackClock "0:00:30"]
[Board "130"]

1. e4 e5 2. Nf3 Nc6 3. Bb5 a6 4. Ba4 d6 5. c3 Bd7 6. O-O g6 7. d4 Bg7 8. Re1 Nf6 9. d5 Ne7 10. Bxd7+ Nxd7 11. c4 h6 12. Nc3 O-O 13. b4 f5 14. Ba3 a5 15. bxa5 Rxa5 16. Bb4 Ra8 17. a4 f4 18. Nd2 g5 19. f3 Ng6 20. Nb3 h5 21. c5 Qf6 22. cxd6 cxd6 23. Nb5 Nh4 24. Bxd6 Rf7 25. Nc5 g4 26. fxg4 f3 27. Rf1 Qg5 28. Nxd7 Qe3+ 29. Rf2 Rxd7 30. Qe1 Qg5 31. Qd2 Qxg4 32. g3 Ng6 33. Qe3 Rf7 34. Bc5 h4 35. Kh1 hxg3 36. hxg3 Qh3+ 37. Rh2 Qg4 38. Nc3 Rc8 39. Rg1 Rfc7 40. d6 Rxc5 41. d7 Qxd7 42. Nd5 Qg4 43. Rf2 Rf8 44. Rgf1 Rxd5 45. exd5 Qh3+ 46. Kg1 Qxg3+ 47. Kh1 Rf5 48. Rg1 Rh5+ 49. Rh2 Rxh2# 0-1


[Site "https://www.chess.com"]

[Event "Titled Tuesday Blitz August 22 Early 2023"]
[White "Osinovsky, Stepan"]
[Black "Korelskiy, Egor"]
[WhiteFideId "4157354"]
[BlackFideId "34329064"]
[WhiteElo "2322"]
[BlackElo "2502"]
[Result "0-1"]
[Round "7"]
[TimeControl "180+1"]
[Date "2023.08.22"]
[WhiteClock "0:00:08"]
[BlackClock "0:00:07"]
[Board "131"]

1. Nf3 d5 2. g3 Bg4 3. Bg2 Nd7 4. O-O c6 5. b3 Ngf6 6. Bb2 e6 7. d3 Bd6 8. Nbd2 O-O 9. a3 a5 10. c4 Qc7 11. Rc1 Rfe8 12. Rc2 Rad8 13. Qa1 Qb8 14. Bc3 b6 15. Nd4 Rc8 16. cxd5 cxd5 17. N2f3 e5 18. Nb5 d4 19. Nbxd4 exd4 20. Nxd4 Be5 21. Nc6 Bxc3 22. Rxc3 Qd6 23. Rfc1 Kh8 24. e4 Nc5 25. e5 Qe6 26. exf6 Rxc6 27. fxg7+ Kg8 28. b4 Nb3 29. Rxc6 Qe7 30. Qc3 Nxc1 31. Qxc1 Qe1+ 32. Qxe1 Rxe1+ 33. Bf1 Bh3 34. Rc1 Rxc1 0-1


[Site "https://www.chess.com"]

[Event "Titled Tuesday Blitz August 22 Early 2023"]
[White "arenal72"]
[Black "Lacasa Diaz, Jose Antonio"]
[BlackFideId "2203375"]
[WhiteElo "2501"]
[BlackElo "2303"]
[Result "0-1"]
[Round "7"]
[TimeControl "180+1"]
[Date "2023.08.22"]
[WhiteClock "0:00:15"]
[BlackClock "0:00:18"]
[Board "132"]

1. c4 e6 2. Nf3 d5 3. g3 c5 4. Bg2 Nc6 5. cxd5 exd5 6. d4 cxd4 7. Nxd4 Bc5 8. Nb3 Bb6 9. Qxd5 Qxd5 10. Bxd5 Nb4 11. Be4 Nf6 12. Bd3 Nxd3+ 13. exd3 O-O 14. Be3 Re8 15. Kd2 Bf5 16. Nc3 Rad8 17. d4 Ne4+ 18. Nxe4 Bxe4 19. Rhd1 Bf3 20. Re1 Bd5 21. Rad1 f6 22. Nc1 Ba5+ 23. Kd3 Bxe1 24. Rxe1 Rc8 25. Kd2 Be4 26. Nd3 Bxd3 27. Kxd3 b6 28. Rd1 Kf7 29. d5 Red8 30. Ke4 Rc2 31. b3 Rxa2 32. Rc1 Rd7 33. Bf4 Rxf2 34. Bb8 Re2+ 35. Kf3 Rxh2 36. d6 Rd2 37. Ke3 Rd5 38. b4 Ke6 39. Rc8 R5xd6 40. Bxd6 Kxd6 41. Ke4 Ke6 42. b5 Kf7 43. g4 Kg6 44. Kf4 Rd5 45. Rc7 Rxb5 46. Rxa7 Rb4+ 47. Kg3 b5 48. Rb7 Rb3+ 49. Kh4 Kh6 50. g5+ fxg5+ 51. Kg4 Rb4+ 52. Kf5 g6+ 53. Kf6 g4 54. Rc7 g3 55. Rc3 Rg4 56. Rb3 b4 57. Rf3 Kh5 58. Rf1 g2 59. Rf3 g1=Q 0-1


[Site "https://www.chess.com"]

[Event "Titled Tuesday Blitz August 22 Early 2023"]
[White "slidingknight2775"]
[Black "Acosta Cruz, Oscar Yosimar"]
[BlackFideId "5111269"]
[WhiteElo "2501"]
[BlackElo "2286"]
[Result "0-1"]
[Round "7"]
[TimeControl "180+1"]
[Date "2023.08.22"]
[WhiteClock "0:00:15"]
[BlackClock "0:00:10"]
[Board "133"]

1. d4 d5 2. Nf3 Nf6 3. c4 c6 4. Nc3 e6 5. g3 dxc4 6. Bg2 b5 7. Ne5 Nd5 8. O-O f6 9. Nf3 Be7 10. e4 Nc7 11. a4 b4 12. Nb1 c5 13. e5 Bb7 14. Nbd2 c3 15. bxc3 bxc3 16. Nb1 fxe5 17. Nxe5 Bxg2 18. Qh5+ g6 19. Nxg6 Bf3 20. Qxf3 hxg6 21. Nxc3 cxd4 22. Nb5 Nba6 23. Bf4 Qd5 24. Qd3 e5 25. Qxg6+ Kd8 26. Bg5 Ne6 27. Bxe7+ Kxe7 28. Rae1 Nac5 29. Qc2 Rxh2 30. f4 Rxc2 31. Rxe5 Qxe5 32. fxe5 Rh8 33. g4 Ra2 34. Rf6 Rxa4 35. Kg2 Rb4 36. Kg3 Rxb5 37. g5 Ne4+ 38. Kg4 N4xg5 39. Kf5 Rxe5+ 40. Kxe5 Nf7+ 41. Kd5 Kxf6 42. Ke4 Rh5 43. Kf3 Rh4 44. Ke2 a5 45. Kd3 a4 46. Kc4 a3 47. Kb3 a2 48. Kxa2 d3 49. Kb3 d2 50. Kc2 Re4 51. Kd1 Ke5 52. Kxd2 Nc5 53. Kc3 Nd6 54. Kc2 Re3 55. Kd2 Kd4 56. Kc2 Re2+ 57. Kb1 Rh2 58. Kc1 Kc3 59. Kb1 Nc4 60. Ka1 Kb3 61. Kb1 Rh1# 0-1


[Site "https://www.chess.com"]

[Event "Titled Tuesday Blitz August 22 Early 2023"]
[White "Czerw, Dawid"]
[Black "Balint, Vilmos"]
[WhiteFideId "1145746"]
[BlackFideId "718050"]
[WhiteElo "2500"]
[BlackElo "2245"]
[Result "0-1"]
[Round "7"]
[TimeControl "180+1"]
[Date "2023.08.22"]
[WhiteClock "0:00:16"]
[BlackClock "0:01:05"]
[Board "134"]

1. e4 e6 2. d4 d5 3. Nc3 Bb4 4. e5 Ne7 5. Qg4 Nf5 6. a3 h5 7. Qh3 Nxd4 8. Bd3 Bxc3+ 9. bxc3 Nf5 10. g4 Nh4 11. f4 hxg4 12. Qxg4 Kf8 13. Ne2 Nf5 14. Bxf5 exf5 15. Qg2 Be6 16. Nd4 Qh4+ 17. Ke2 c5 18. Nb5 Nc6 19. Be3 d4 20. cxd4 Bc4+ 21. Kd2 Bxb5 22. d5 Nd4 23. Rab1 Ba6 24. c3 Ne2 25. Rbf1 Qh3 26. Qg5 Nxc3 27. Bxc5+ Kg8 28. Qe7 Qd3+ 29. Kc1 Ne2+ 30. Kb2 Qc3+ 31. Ka2 Bc4+ 32. Kb1 Bd3+ 33. Ka2 Qd2+ 34. Ka1 Qc3+ 35. Ka2 Bc4+ 36. Kb1 Qb3+ 37. Ka1 Qa2# 0-1


[Site "https://www.chess.com"]

[Event "Titled Tuesday Blitz August 22 Early 2023"]
[White "le-castor-faineant"]
[Black "Shuvalova, Polina"]
[BlackFideId "24171760"]
[WhiteElo "2255"]
[BlackElo "2630"]
[Result "1-0"]
[Round "7"]
[TimeControl "180+1"]
[Date "2023.08.22"]
[WhiteClock "0:00:49"]
[BlackClock "0:00:44"]
[Board "135"]

1. e4 c6 2. d4 d5 3. Nc3 dxe4 4. Nxe4 Nf6 5. Nxf6+ exf6 6. Nf3 Bd6 7. Bd3 O-O 8. O-O Na6 9. h3 Nc7 10. c3 Re8 11. Bd2 Be6 12. Qc2 g6 13. Rae1 c5 14. dxc5 Bxc5 15. Be3 Qd6 16. Bxc5 Qxc5 17. a3 Rad8 18. Nd4 Bc4 19. Bxc4 Qxc4 20. Rxe8+ Rxe8 21. Qd2 f5 22. Re1 Rd8 23. Qg5 Rd5 24. Re7 Kg7 25. Qg3 Nb5 26. Ne6+ Kf6 27. Qg5+ Ke5 28. Nf4+ Kd6 29. Qf6+ Kc5 30. Nxd5 Qxd5 31. Re5 1-0


[Site "https://www.chess.com"]